 Dungeon Crawl Stone Soup version 0.28-b1-1-g3c77fb2ed1 (webtiles) character file.

Game seed: 1766905777713008904

27 cayde69 the Firebug (level 2, 0/20 HPs)
             Began as a Draconian Fire Elementalist on Jan 28, 2022.
             Succumbed to an adder's poison
             ... on level 2 of the Dungeon.
             The game lasted 00:05:13 (824 turns).

cayde69 the Firebug (Draconian Fire Elementalist)    Turns: 824, Time: 00:05:14

Health: 0/20       AC:  4    Str: 10    XL:     2   Next: 93%
Magic:  3/5        EV: 12    Int: 15    God:
Gold:   86         SH:  0    Dex: 11    Spells: 4/5 levels left

rFire   . . .      SeeInvis .   b - +0 club
rCold   . . .      Faith    .   (no shield)
rNeg    . . .      Spirit   .   (armour unavailable)
rPois   .          Reflect  .   (helmet restricted)
rElec   .          Harm     .   (no cloak)
rCorr   .          Rampage  .   (no gloves)
Will    .....                   (no boots)
Stlth   ++........              (no amulet)
HPRegen 0.06/turn               (no ring)
MPRegen 0.09/turn               (no ring)

@: lethally poisoned (0 -> -2)
A: AC +4, unfitting armour, cold-blooded
a: no special abilities


You were on level 2 of the Dungeon.
You visited 1 branch of the dungeon, and saw 2 of its levels.

You collected 86 gold pieces.

Inventory:

Hand Weapons
 b - a +0 club (weapon)
Missiles
 e - 27 stones
Armour
 a - a +0 ring mail
 c - a +0 helmet
Scrolls
 d - a scroll of vulnerability {unknown}
 g - a scroll of enchant armour {unknown}
 h - a scroll of blinking {unknown}
Potions
 f - 3 potions of might {unknown}
 i - a potion of heal wounds {unknown}


   Skills:
 + Level 1.9 Dodging
 + Level 1.8 Stealth
 + Level 2.3 Spellcasting
 + Level 1.2 Conjurations
 + Level 3.7 Fire Magic


You had 4 spell levels left.
You knew the following spells:

 Your Spells              Type           Power      Damage    Failure   Level
a - Foxfire               Conj/Fire      36%        2x1d5     8%          1

Your spell library contained the following spells:

 Spells                   Type           Power      Damage    Failure   Level
 Scorch                   Fire           24%        2d6       7%          2
 Conjure Flame            Conj/Fire      9%         6-21      24%         3
 Inner Flame              Hex/Fire       7%         N/A       30%         3
 Flame Wave               Conj/Fire      9%         2d5       61%         4


Dungeon Overview and Level Annotations

Branches:
Dungeon (2/15)

Altars:


Innate Abilities, Weirdness & Mutations

Your plain brown scales are hard. (AC +4)
You cannot fit into any form of body armour.
You are cold-blooded and may be slowed by cold attacks.


Message History

You are too injured to fight recklessly!
You are too injured to fight recklessly!
You are too injured to fight recklessly!
You are too injured to fight recklessly!
You are too injured to fight recklessly!
You miss the adder.
The adder is almost dead.
The jackal completely misses you. The adder misses you.
The adder closely misses you.
You hit the adder but do no damage.
The adder is almost dead.
The adder closely misses you.
The jackal bites you but does no damage.
Casting: Foxfire (safe; 9% risk of failure)
Confirm with . or Enter, or press ? or * to list all spells.
There is not enough space to conjure foxfire!
You miss the adder.
The adder is almost dead.
The adder bites you.
You are poisoned.
The adder poisons you! The jackal barely misses you. The adder bites you.
The jackal barely misses you.
You hit the adder.
You kill the adder!
You feel sick. The bat closely misses you. The jackal bites you.
* * * LOW HITPOINT WARNING * * *
The jackal bites you.
* * * LOW HITPOINT WARNING * * *
You are too injured to fight recklessly!
You hit the rat but do no damage.
* * * LOW HITPOINT WARNING * * *
You feel sick.
The jackal bites you but does no damage.
The rat bites you but does no damage. The jackal misses you.
You closely miss the rat.
Your tail-slap misses the rat.
* * * LOW HITPOINT WARNING * * *
You feel sick. The jackal barely misses you. The rat closely misses you.
The jackal completely misses you.
You hit the rat but do no damage.
You die... .## ..# ##.# .r# wh#

... .. #h#
..< ##.# #h#
.. #... #@#
.....# ##r##
.#...
##.b.## ....
#.....#
########..#
##...##
#<........#
#..##
#.#######.#
#.#######.#
.#
#.........#
.#
#.##########
.#


You could see a worm, a quokka, 3 jackals, a bat and a rat.

Vanquished Creatures
  An adder (D:2)
  An endoplasm (D:1)
  A giant cockroach (D:1)
  5 goblins (D:1)
  2 quokkas (D:1)
  5 bats
  3 rats (D:1)
18 creatures vanquished.

Vanquished Creatures (others)
  61 foxfires
61 creatures vanquished.

Grand Total: 79 creatures vanquished

Notes
Turn   | Place    | Note
-------+----------+-------------------------------------------
     0 | D:1      | cayde69 the Draconian Fire Elementalist began the quest for
                  | the Orb.
     0 | D:1      | Reached XP level 1. HP: 14/14 MP: 3/3
   363 | D:1      | Reached XP level 2. HP: 19/20 MP: 0/5
   823 | D:2      | HP: 1/20 [poisoned by an adder]
   824 | D:2      | Succumbed to an adder's poison

Illustrated notes

Levels and vault maps discovered:
D:1:      dpeg_arrival_subterranean_lakeside_camping, layout_basic
D:2:      layout_loops_cross, basic_altar

Action                   || total
-------------------------++-------
Melee: Unarmed           ||     1
       Club              ||    13
 Cast: Foxfire           ||    40
Armor: Skin              ||    36
Dodge: Dodged            ||    71
